 Dungeon Crawl Stone Soup version 0.25.1-2-g60ff931df9 (webtiles) character file.

Game seed: 8133473800351554655

5803 OdinFK the Frost Mage (level 10, -4/74 (81) HPs)
             Began as a Ghoul Ice Elementalist on Sept 1, 2020.
             Was an Elder of Vehumet.
             Slain by a two-headed ogre
             ... wielding a +0 giant spiked club
              (8 damage)
             ... on level 8 of the Dungeon.
             The game lasted 00:56:42 (9487 turns).

OdinFK the Frost Mage (Ghoul Ice Elementalist)      Turns: 9487, Time: 00:56:44

HP:   -4/74 (81)    AC:  7    Str: 13    XL:     10   Next: 79%
MP:   2/15          EV: 12    Int: 13    God:    Vehumet [****..]
Gold: 658           SH:  0    Dex:  9    Spells: 6/17 levels left

rFire    . . .     SeeInvis .   F - +12 whip "Wach" {vorpal, rElec}
rCold    + . .     Gourm    .   (no shield)
rNeg     + + +     Faith    .   L - +2 robe
rPois    ∞         Spirit   .   C - +0 helmet
rElec    +         Reflect  .   (no cloak)
rCorr    .         Harm     .   v - +0 pair of gloves
MR       +....                  H - +0 pair of boots
Stlth    ++........             y - amulet of regeneration
HPRegen  0.00/turn              w - ring of protection from magic
MPRegen  0.14/turn              (no ring)

@: rotting
A: rotting body, claws 1, carnivore, cold resistance 1, negative energy
resistance 3, inhibited regeneration, torment resistance, unbreathing
a: Renounce Religion


You were on level 8 of the Dungeon.
You worshipped Vehumet.
Vehumet was greatly pleased with you.
You were near starving.

You visited 2 branches of the dungeon, and saw 10 of its levels.
You also visited: Ossuary.

You collected 686 gold pieces.
You spent 28 gold pieces at shops.

Inventory:

Hand Weapons
 F - the +12 whip "Wach" (weapon) {vorpal, rElec}
   (You found it on level 5 of the Dungeon)

   It inflicts extra damage upon your enemies.
   It insulates you from electricity.
Missiles
 q - 29 poisoned darts
 u - 7 boomerangs (quivered)
Armour
 a - a +0 robe
 n - a +0 buckler
 v - a +0 pair of gloves (worn)
 C - a +0 helmet (worn)
 H - a +0 pair of boots (worn)
 L - a +2 robe (worn)
Magical Staves
 A - an uncursed staff of earth {unknown}
Jewellery
 w - a ring of protection from magic (left hand)
 y - an amulet of regeneration (around neck)
 D - an uncursed amulet of magic regeneration
Wands
 t - a wand of flame (19)
 I - a wand of digging (5)
 J - a wand of disintegration (12)
 M - a wand of iceblast (11)
 Q - a wand of acid (4)
Scrolls
 b - a scroll of blinking {unknown}
 f - 3 scrolls of fog {unknown}
 g - 4 scrolls of remove curse {unknown}
 h - 2 scrolls of enchant weapon {unknown}
 i - 6 scrolls of magic mapping {unknown}
 k - 7 scrolls of fear
 l - 2 scrolls of noise {unknown}
 o - 7 scrolls of teleportation {unknown}
 p - 6 scrolls of amnesia {unknown}
 B - a scroll of random uselessness {unknown}
 E - a scroll of acquirement {unknown}
 N - 2 scrolls of vulnerability {unknown}
 O - 2 scrolls of brand weapon {unknown}
 P - a scroll of identify
Potions
 d - 3 potions of cancellation
 e - a potion of stabbing
 j - 5 potions of heal wounds
 m - 3 potions of curing
 r - 8 potions of flight
 s - 5 potions of haste
 x - 3 potions of invisibility
 z - a potion of magic
 G - a potion of might
 K - a potion of brilliance
Comestibles
 c - 14 rations


   Skills:
 + Level 5.3 Fighting
   Level 1.0(1.9) Axes
 + Level 2.6(2.8) Maces & Flails
 - Level 0.4(1.6) Staves
 - Level 2.0 Dodging
 - Level 2.1 Stealth
 * Level 2.0 Shields
 - Level 4.0 Spellcasting
 + Level 1.7 Charms
 - Level 6.7 Summonings
 + Level 12.6 Ice Magic
 - Level 0.2 Evocations


You had 6 spell levels left.
You knew the following spells:

 Your Spells              Type           Power        Failure   Level  Hunger
a - Freeze                Ice            ####         1%          1    None
b - Frozen Ramparts       Ice            #####.       1%          3    ###....
c - Ozocubu's Armour      Chrm/Ice       ###.....     3%          3    ###....
d - Summon Ice Beast      Ice/Summ       ####....     4%          4    ####...

Your spell library contained the following spells:

 Spells                   Type           Power        Failure   Level  Hunger
 Lightning Bolt           Conj/Air       #.........   78%         5    ######.
 Ensorcelled Hibernation  Hex/Ice        ###...       2%          2    ##.....
 Hailstorm                Conj/Ice       ###.....     4%          4    ####...
 Dazzling Flash           Conj/Hex       #.....       16%         3    ###....
 Corona                   Hex            #......      21%         1    None
 Confusing Touch          Hex            #.......     52%         3    ###....
 Tukima's Dance           Hex            #.......     52%         3    ###....


Dungeon Overview and Level Annotations

Branches:
Dungeon (9/15)             Temple (1/1) D:4            Lair (0/6) D:8
Ossuary (visited)
    Orc: D:9-12

Altars:
Ashenzari
Cheibriados
Dithmenos
Elyvilon
Fedhas
Gozag
Hepliaklqana
Kikubaaqudgha
Makhleb
Nemelex Xobeh
Okawaru
Qazlal
Ru
Sif Muna
Trog
Uskayaw
Vehumet
Wu Jian
Xom
Yredelemnul
Zin
The Shining One
Jiyva

Shops:
D:4 *}::

Annotations:
D:3 1 runed translucent door, Joresh2's ghost, amateur OpTm
D:4 Blork the orc
D:9 Harold


Innate Abilities, Weirdness & Mutations

Your body is rotting away.
You thrive on raw meat.
You are immune to poison.
You have sharp fingernails.
You are carnivorous and can eat meat at any time.
Your flesh is cold resistant. (rC+)
You are immune to negative energy. (rN+++)
You do not regenerate when monsters are visible.
You are immune to unholy pain and torment.
You can survive without breathing.


Message History

Your ice beast dies!
Something closely misses your ice beast.
You see here a ring mail.
There is an open door here.
You feel your flesh rotting away.
There is an escape hatch in the ceiling here.
The two-headed ogre completely misses you.
The two-headed ogre hits you with a +0 giant club!
A mysterious force pulls you upwards. The hatch slams shut behind you.
The two-headed ogre closely misses you.
The two-headed ogre hits you with a +0 giant club!
The sentinel's mark upon you fades away.
Casting: Ozocubu's Armour (dangerous; 3% risk of failure)
Confirm with . or Enter, or press ? or * to list all spells.
A chill wind blows around you.
You are near starving!
The two-headed ogre hits you with a +0 giant spiked club!!
* * * LOW HITPOINT WARNING * * *
The two-headed ogre hits you with a +0 giant club!
You die...

.........[....####..............>
...##.........# #...............
.#..#.........# #...............
###.#.........# ##..............
# #####≈.....## ##............# #
#####≈.#..# #######..##.##
####...#..##.### ##.....#
(#_'.#.'≈..#..Y###### ####...
.###...#.....#..@O..### ##.## ##
#####≈....######...#######..##
#≈.#.#.# #####......).)...
####.#.# #....#...####.### #
#.#.# #......#.## #.#
##########.#.####)....##..###.#
.........).....[[[....###...#.###
######.###.#.####[...## #.......#
# #.# #.#.# #....# #.......#


You could see a two-headed ogre and a friendly ice beast (summoned).

Vanquished Creatures
  A two-headed ogre (D:8)
  Psyche (D:8)
  2 hippogriffs
  A hungry ghost (D:9)
  2 orc warriors (D:8)
  3 sky beasts
  6 ice beasts
  A black bear (D:6)
  6 ogres
  3 centaurs
  A crocodile (D:7)
  4 bullfrogs
  A gnoll sergeant (D:6)
  3 scorpions
  5 killer bees (D:7)
  6 wights
  2 howler monkeys
  A bullfrog zombie (D:8)
  A centaur zombie (D:7)
  4 hounds
  3 jellies (D:8)
  5 orc priests
  A bullfrog skeleton (D:6)
  2 iguanas
  8 orc wizards
  10 worker ants
  A hound skeleton (D:4)
  4 mummies (Ossuary)
  18 gnolls
  12 adders
  A shadow imp (D:6)
  6 oozes
  An adder skeleton (D:5)
  4 worms
  2 dart slugs
  9 leopard geckos
  28 orcs
  A ball python (D:1)
  5 giant cockroaches
  3 gnoll zombies (Ossuary)
  6 goblins
  10 hobgoblins
  25 jackals
  9 kobolds
  7 quokkas
  6 bats
  4 frilled lizards
  A goblin zombie (Ossuary)
  A hobgoblin zombie (Ossuary)
  A leopard gecko zombie (D:5)
  A quokka skeleton (D:7)
  7 rats
  A rat zombie (Ossuary)
  A bush (D:3)
  2 butterflies (D:3)
260 creatures vanquished.

Vanquished Creatures (collateral kills)
  A sky beast (D:8)
  A wight (D:9)
  A crimson imp (D:8)
  An adder (D:8)
  2 goblin zombies (Ossuary)
  A jackal zombie (Ossuary)
  A kobold zombie (Ossuary)
  2 rat zombies (Ossuary)
10 creatures vanquished.

Grand Total: 270 creatures vanquished

Notes
Turn   | Place    | Note
-------+----------+-------------------------------------------
     0 | D:1      | OdinFK the Ghoul Ice Elementalist began the quest for the
                  | Orb.
     0 | D:1      | Reached XP level 1. HP: 14/14 MP: 2/2
    99 | D:1      | Reached XP level 2. HP: 15/20 MP: 1/3
   340 | D:1      | Reached skill level 5 in Ice Magic
   427 | D:1      | Reached XP level 3. HP: 19/26 MP: 0/5
   584 | D:1      | Learned a level 3 spell: Frozen Ramparts
  1431 | D:2      | Reached XP level 4. HP: 33/33 MP: 2/6
  1471 | D:2      | Learned a level 3 spell: Ozocubu's Armour
  1517 | D:2      | Found a bloodstained altar of Trog.
  1658 | D:2      | Reached skill level 1 in Fighting
  1748 | D:2      | Reached skill level 6 in Ice Magic
  1925 | D:2      | Reached skill level 1 in Axes
  2186 | D:2      | Reached XP level 5. HP: 9/41 MP: 3/7
  2211 | D:2      | Reached skill level 1 in Charms
  2575 | D:3      | Found a shimmering altar of Xom.
  2812 | D:3      | Found a faded altar of an unknown god.
  2842 | D:3      | Reached XP level 6. HP: 18/48 MP: 3/8
  3833 | D:3      | Reached skill level 7 in Ice Magic
  3898 | D:3      | Found a runed translucent door.
  3898 | D:3      | Noticed Joresh2's ghost (amateur OpTm)
  4185 | D:3      | Learned a level 4 spell: Summon Ice Beast
  4251 | D:4      | Reached XP level 7. HP: 51/56 MP: 6/10
  4264 | D:4      | Found Kehupa's Gadget Boutique.
  4321 | D:4      | Found Puttos's Assorted Antiques.
  4360 | D:4      | Bought a scroll labeled OLA QYOSTRYIDGH for 28 gold pieces
  4375 | D:4      | Found a staircase to the Ecumenical Temple.
  4388 | D:4      | You fall into a shaft and drop 1 floor!
  4388 | D:5      | Entered Level 5 of the Dungeon
  4485 | D:4      | Found a shimmering blue altar of Sif Muna.
  4528 | Temple   | Entered the Ecumenical Temple
  4543 | Temple   | Became a worshipper of Vehumet
  4617 | D:4      | Found Fogi's Book Emporium.
  4716 | D:4      | Found Louto's Book Emporium.
  4807 | D:4      | Reached skill level 1 in Summonings
  4977 | D:5      | Found a hide-covered altar of Uskayaw.
  4977 | D:5      | Noticed a +0 hand axe
  4977 | D:5      | Noticed a +0 dagger
  4977 | D:5      | Noticed Blork the orc
  5341 | D:5      | Found a snail-covered altar of Cheibriados.
  5618 | D:6      | Found a shattered altar of Ashenzari.
  5690 | D:6      | Reached XP level 8. HP: 49/66 MP: 1/13
  6088 | D:5      | Got a smoking whip
  6089 | D:5      | Identified the +12 whip "Wach" {vorpal, rElec} (You found
                  | it on level 5 of the Dungeon)
  6567 | D:6      | Reached * piety under Vehumet
  6567 | D:6      | Offered knowledge of Shock by Vehumet.
  6567 | D:6      | Reached skill level 8 in Ice Magic
  6936 | D:7      | Reached skill level 1 in Maces & Flails
  7052 | D:6      | Reached XP level 9. HP: 53/71 MP: 9/14
  7177 | D:7      | Reached skill level 5 in Summonings
  7347 | D:7      | Reached skill level 9 in Ice Magic
  7733 | D:7      | Reached ** piety under Vehumet
  7775 | D:7      | Offered knowledge of Sandblast by Vehumet.
  7868 | D:7      | Reached skill level 1 in Shields
  7910 | D:7      | Found an ornate altar of the Wu Jian Council.
  7910 | D:7      | Found a shadowy altar of Dithmenos.
  7911 | D:7      | Found an ancient bone altar of Kikubaaqudgha.
  8065 | D:8      | Noticed Psyche
  8171 | D:8      | Offered knowledge of Stone Arrow by Vehumet.
  8180 | D:8      | Reached skill level 10 in Ice Magic
  8250 | D:8      | Found a staircase to the Lair.
  8260 | D:8      | Noticed a two-headed ogre
  8268 | D:8      | Killed a two-headed ogre
  8268 | D:8      | Reached skill level 11 in Ice Magic
  8268 | D:8      | Reached XP level 10. HP: 68/80 MP: 6/15
  8296 | D:8      | Reached *** piety under Vehumet
  8364 | D:8      | Offered knowledge of Static Discharge by Vehumet.
  8412 | D:8      | Killed Psyche
  8412 | D:8      | Reached skill level 5 in Fighting
  8412 | D:8      | Reached skill level 12 in Ice Magic
  8494 | D:8      | Found a sand-covered staircase.
  8499 | Ossuary  | Entered an ossuary
  8629 | Ossuary  | Reached **** piety under Vehumet
  8766 | D:8      | Found a viscous altar of Jiyva.
  9187 | D:9      | Noticed Harold
  9346 | D:9      | Found a sparkling altar of Nemelex Xobeh.
  9351 | D:9      | Found a burning altar of Makhleb.
  9353 | D:9      | Found an opulent altar of Gozag.
  9426 | D:9      | Offered knowledge of Lightning Bolt by Vehumet.
  9447 | D:9      | Noticed a two-headed ogre
  9487 | D:8      | Slain by a two-headed ogre

Illustrated notes

Levels and vault maps discovered:
D:1:      mrwooster_arrival_arrow, layout_basic
D:2:      layout_loops_cross, lemuel_crystal_altar
D:3:      kennysheep_six_static_rooms, layout_loops_cross, xom_butterflies,
          gammafunk_ghost_grave, serial_glass, glass_columns_a, glass_columns_c,
          chequers_ecumenical_altar_island, minmay_hedge_maze
D:4:      layout_rooms, lemuel_blue_sif_altar, minmay_temple_entry_sparse_star,
          first_ration, serial_shops, shop, nicolae_shop_crystal,
          nicolae_shop_waterfront, shop_fountains
D:5:      layout_basic, lemuel_doored_altar, dancing_weapons_uskayaw,
          uniq_blork_the_orc
D:6:      layout_loops_corners, ashenzari_altar_1
D:7:      layout_basic, gammafunk_temple_overflow_claw
D:8:      layout_rooms, lair_entry_dummy, enter_ossuary_5,
          hangedman_little_slice_of_home, uniq_psyche
D:9:      layout_gridville, grunt_temple_overflow_diamond, uniq_harold
Temple:   eino_wide_crystal_templ

Skill      XL: |  1  2  3  4  5  6  7  8  9 10 |
---------------+-------------------------------+-----
Spellcasting   | 2 3 4 |  4.0
Ice Magic      | 5 6 7 8 11 12 | 12.6
Dodging        | 2 |  2.0
Fighting       | 2 4 5 |  5.3
Axes           | 1 |  1.0
Charms         | 1 |  1.7
Summonings     | 2 4 6 |  6.7
Maces & Flails | 1 2 |  2.6
Shields        | 1 2 |  2.0
Staves         | |  0.4
Stealth        | |  2.1
Evocations     | |  0.2

Action                   |  1- 3 |  4- 6 |  7- 9 | 10-12 || total
-------------------------+-------+-------+-------+-------++-------
Melee: Unarmed           |    59 |       |       |       ||    59
       Hand axe          |    24 |   218 |    70 |       ||   312
       Whip              |       |       |   144 |   104 ||   248
Throw: Boomerang         |       |       |       |     6 ||     6
 Cast: Freeze            |    38 |    22 |    23 |     3 ||    86
       Frozen Ramparts   |     1 |    21 |    41 |    10 ||    73
       Ozocubu's Armour  |       |     3 |     9 |    12 ||    24
       Summon Ice Beast  |       |       |     2 |     6 ||     8
  Use: Scroll            |     2 |     6 |     5 |     1 ||    14
 Stab: Sleeping          |     2 |     3 |     5 |     1 ||    11
  Eat: Chunk             |    13 |    28 |    32 |     2 ||    75
       Ration            |       |       |       |     1 ||     1
Armor: Robe              |    10 |    27 |    52 |    48 ||   137
Dodge: Dodged            |    79 |    94 |   153 |    56 ||   382
Block: Buckler           |       |       |     1 |       ||     1
